 Dungeon Crawl Stone Soup version 0.25-a0-843-g6944ee31a2 (webtiles) character file.

Game seed: 12445382828289444946, levelgen mode: deterministic

565 bmfx the Vandal (level 7, 0/48 HPs)
             Began as a Halfling Arcane Marksman on Apr 25, 2020.
             Was a Follower of Ru.
             Slain by an ogre
             ... wielding a +0 giant club
              (21 damage)
             ... on level 4 of the Dungeon.
             The game lasted 00:26:04 (7259 turns).

bmfx the Vandal (Halfling Arcane Marksman)          Turns: 7259, Time: 00:26:05

Health: 0/48       AC:  6    Str:  9    XL:     7   Next: 58%
Magic:  17/17      EV: 12    Int: 17    God:    Ru [*.....]
Gold:   113        SH:  7    Dex: 17    Spells: 5/8 levels left

rFire    + + .     SeeInvis .   a - +0 dagger
rCold    . . .     Gourm    .   k - +0 kite shield
rNeg     . . .     Faith    .   s - +2 robe of the Eternal Fruit {rF++ Str-2 Int+3}
rPois    .         Spirit   .   g - +0 helmet {Int+3}
rElec    .         Reflect  .   o - +0 cloak
rCorr    .         Harm     .   (no gloves)
MR       .....                  (no boots)
Stlth    +++.......             (no amulet)
HPRegen  0.16/turn              q - ring of magical power
MPRegen  0.15/turn              (no ring)

@: no status effects
A: small, mutation resistance 1, no ice magic, no necromancy magic, no
translocations magic
a: Renounce Religion


You were on level 4 of the Dungeon.
You worshipped Ru.
Ru was aware of your devotion.
You were not hungry.

You visited 1 branch of the dungeon, and saw 6 of its levels.

You collected 371 gold pieces.
You spent 258 gold pieces at shops.


Innate Abilities, Weirdness & Mutations

You are small and have problems with some larger weapons.
You are somewhat resistant to further mutation.
You cannot study or cast Ice magic.
You cannot study or cast Necromancy magic.
You cannot study or cast Translocations magic.

Dungeon Overview and Level Annotations

Branches:
Dungeon (6/15)
 Temple: D:4-7

Altars:
Fedhas
Gozag
Ru
Trog

Shops:
D:5 *

Annotations:
D:3 exclusions: centaur, orc, orc priest, orc wizard and rat
D:4 exclusion: iguana
D:5 exclusion: worker ant
D:6 Grinder, Pikel


   Skills:
 - Level 4.0 Fighting
 + Level 1.4 Short Blades
 - Level 7.2 Slings
 - Level 2.1 Dodging
 + Level 4.3 Stealth
 - Level 1.0 Spellcasting
 - Level 2.4 Hexes


You had 5 spell levels left.
You knew the following spells:

 Your Spells              Type           Power        Failure   Level  Hunger
A - Corona                Hex            #......      50%         1    ##.....
B - Slow                  Hex            #.......     65%         2    ###....

Your spell library contained the following spells:

 Spells                   Type           Power        Failure   Level  Hunger
 Inner Flame              Hex/Fire       #.......     95%         3    ####...
 Cause Fear               Hex            #.........   99%         4    #####..
 Leda's Liquefaction      Hex/Erth       #.........   100%        4    #####..
 Portal Projectile        Hex/Tloc       Unusable     N/A         3    N/A
 Ice Form                 Ice/Tmut       Unusable     N/A         4    N/A
 Metabolic Englaciation   Hex/Ice        Unusable     N/A         5    N/A
 Freezing Cloud           Conj/Ice/Air   Unusable     N/A         6    N/A
 Ozocubu's Refrigeration  Ice            Unusable     N/A         6    N/A
 Simulacrum               Ice/Necr       Unusable     N/A         6    N/A

Action                   |  1- 3 |  4- 6 |  7- 9 || total
-------------------------+-------+-------+-------++-------
Melee: Dagger            |    55 |     1 |    91 ||   147
 Fire: Hunting sling     |    72 |   311 |    62 ||   445
 Cast: Corona            |    20 |     3 |       ||    23
       Slow              |     1 |       |       ||     1
Invok: Sacrifice Arcana  |       |     1 |       ||     1
Evoke: Wand              |       |     6 |     3 ||     9
  Use: Scroll            |       |    12 |       ||    12
       Potion            |       |     1 |       ||     1
 Stab: Sleeping          |     3 |       |       ||     3
  Eat: Chunk             |     3 |     8 |     6 ||    17
       Ration            |       |     1 |       ||     1
Armor: Robe              |    16 |    31 |    25 ||    72
Dodge: Dodged            |   103 |    80 |    44 ||   227
Block: Kite shield       |       |    53 |    28 ||    81

Skill      XL: |  1  2  3  4  5  6  7 |
---------------+----------------------+-----
Stealth        | 1 2 3 4 |  4.3
Slings         | 4 5 6 7 |  7.2
Fighting       | 2 4 |  4.0
Short Blades   | 1 |  1.4
Dodging        | |  2.1
Spellcasting   | |  1.0
Hexes          | |  2.4

Inventory:

Hand Weapons
 a - a +0 dagger (weapon)
 t - a +1 dagger of electrocution
 w - a +0 hunting sling
Missiles
 d - 29 sling bullets
 m - 184 stones (quivered)
Armour
 g - a +0 helmet of intelligence (worn)
 k - a +0 kite shield (worn)
 o - a +0 cloak (worn)
 s - the +2 robe of the Eternal Fruit (worn) {rF++ Str-2 Int+3}
   (You found it on level 4 of the Dungeon)

   It affects your strength (-2).
   It affects your intelligence (+3).
   It greatly protects you from fire.
Jewellery
 q - a ring of magical power (left hand)
Wands
 e - a wand of flame (9)
Scrolls
 b - a scroll of blinking {@r2}
 h - 2 scrolls of teleportation
 i - a scroll of fear
 j - a scroll of enchant weapon {unknown}
 p - a scroll of remove curse {@r4}
Potions
 c - 2 potions of magic
 n - a potion of stabbing
 r - a potion of brilliance
Comestibles
 f - 11 rations

#.........# #.......# ##
##........## #......## #.
##.........# ##.##### #.
##...######## #.#########.
##...## #........... #...##
###........... ...##
###............. ..##
#############....#.......##.
.##
##........##@....####s.....#.
## #......[...O.....#
##..=.... <##
#................# ###.....
..#####.............## ##....
#..)..............### ##...
##.....#########...# ###.
#..#### ##..## ## #..# ##..##
# #..# #...#


You could see an ogre.

Vanquished Creatures
  A centaur (D:5)
  A bullfrog (D:5)
  A jelly (D:5)
  An orc priest (D:4)
  3 orc wizards
  2 worker ants
  A killer bee zombie (D:4)
  5 adders
  A shadow imp (D:5)
  2 oozes
  An adder skeleton (D:6)
  5 worms
  A dart slug (D:2)
  3 leopard geckos
  16 orcs
  3 ball pythons
  12 bats
  5 giant cockroaches
  6 goblins
  11 hobgoblins
  10 jackals
  4 kobolds
  5 quokkas
  8 frilled lizards
  4 rats
112 creatures vanquished.

Levels and vault maps discovered:
D:1:      elethiomel_arrival_maze, layout_loops_ring
D:2:      layout_basic, first_ration, trog_hazing_becter
D:3:      layout_rooms, nicolae_ru_path_of_blood,
          nicolae_gozag_cash_rules_everything_around_me,
          chequers_ecumenical_altar_twisty
D:4:      layout_cave_pods
D:5:      layout_basic, fedhas_bush_and_centaur_altar, serial_shops, shop,
          basic_altar
D:6:      layout_cave_pools, serial_column_ruins, column_ruins_hut,
          column_ruins_open_tiny, column_ruins_columns_straight,
          column_ruins_grid_1, column_ruins_grid_3, column_ruins_corridor_T,
          minmay_misc_feat_plants, kennysheep_dice, uniq_pikel, uniq_grinder


Message History

The ogre is heavily wounded.
You block the ogre's attack.
You hit the ogre.
The ogre is severely wounded.
You closely miss the ogre.
The ogre is severely wounded.
The ogre hits you with a +0 giant club!
You are too injured to fight recklessly!
You barely miss the ogre.
The ogre is severely wounded.
The ogre misses you.
You hit the ogre.
The ogre is severely wounded.
The ogre is stunned by your will and fails to attack.
You hit the ogre but do no damage.
The ogre is severely wounded.
The ogre hits you with a +0 giant club!!
There is an escape hatch in the floor here.
The ogre hits you with a +0 giant club!!
You die...

Notes
Turn   | Place    | Note
-------+----------+-------------------------------------------
     0 | D:1      | bmfx the Halfling Arcane Marksman began the quest for the
                  | Orb.
     0 | D:1      | Reached XP level 1. HP: 12/12 MP: 2/2
   154 | D:1      | Reached skill level 1 in Stealth
   329 | D:1      | Reached XP level 2. HP: 16/18 MP: 1/3
   337 | D:1      | Learned a level 2 spell: Slow
   965 | D:1      | Reached skill level 4 in Slings
   965 | D:1      | Reached XP level 3. HP: 18/22 MP: 1/4
  1400 | D:2      | Found a bloodstained altar of Trog.
  1501 | D:2      | Reached XP level 4. HP: 24/27 MP: 5/5
  2228 | D:3      | Reached skill level 5 in Slings
  2521 | D:3      | Found a faded altar of an unknown god.
  2543 | D:3      | Reached XP level 5. HP: 32/32 MP: 6/6
  2602 | D:3      | Found a sacrificial altar of Ru.
  2610 | D:3      | Became a worshipper of Ru the Awakened
  2740 | D:3      | Noticed a centaur
  2849 | D:4      | Got a crude robe
  2860 | D:4      | Identified the +2 robe of the Eternal Fruit {rF++ Str-2
                  | Int+3} (You found it on level 4 of the Dungeon)
  3155 | D:4      | Reached skill level 1 in Fighting
  3762 | D:5      | Entered Level 5 of the Dungeon
  3792 | D:5      | Noticed an ice beast
  4327 | D:5      | Found Test's General Store.
  4331 | D:5      | Bought a wand of flame (18) for 120 gold pieces
  4331 | D:5      | Bought a +0 helmet of intelligence for 138 gold pieces
  4361 | D:5      | Found a sacrificial altar of Ru.
  4825 | D:5      | Reached XP level 6. HP: 41/41 MP: 7/7
  5054 | D:6      | Noticed Pikel
  5055 | D:6      | Noticed an ogre
  5056 | D:6      | Noticed a slave
  5158 | D:6      | Noticed a slave
  5255 | D:5      | Gained mutation: You cannot study or cast Ice magic. [Ru
                  | sacrifice]
  5255 | D:5      | Gained mutation: You cannot study or cast Necromancy magic.
                  | [Ru sacrifice]
  5255 | D:5      | Gained mutation: You cannot study or cast Translocations
                  | magic. [Ru sacrifice]
  5255 | D:5      | Reached * piety under Ru
  5409 | D:6      | Noticed Grinder
  5440 | D:6      | Noticed a phantom
  5506 | D:5      | Reached skill level 6 in Slings
  5506 | D:5      | Reached XP level 7. HP: 28/48 MP: 8/8
  5651 | D:5      | Found a blossoming altar of Fedhas.
  6369 | D:3      | Reached skill level 7 in Slings
  6397 | D:3      | Found an opulent altar of Gozag.
  6686 | D:4      | p0werm0de: did ya have ham today ?
  6871 | D:2      | bmfx: nope :)
  7081 | D:4      | Reached skill level 1 in Short Blades
  7259 | D:4      | Slain by an ogre
